 Dungeon Crawl Stone Soup version 0.21.1-1-g345015f (webtiles) character file.

2498 xccam the Carver (level 9, 0/63 HPs)
             Began as a Demonspawn Berserker on Mar 18, 2018.
             Was an Elder of Trog.
             Killed from afar by an electric eel (12 damage)
             ... with a bolt of electricity
             ... on level 7 of the Dungeon.
             The game lasted 00:12:56 (4379 turns).

xccam the Carver (Demonspawn Berserker)             Turns: 4379, Time: 00:12:58

Health: 0/63       AC: 12    Str: 18    XL:     9   Next: 28%
Magic:  18/18      EV: 13    Int:  9    God:    Trog [****..]
Gold:   310        SH:  0    Dex: 15    Spells: 8/8 levels left

rFire    + . .     SeeInvis .   w - +2 long sword (slice)
rCold    . . .     Gourm    .   (no shield)
rNeg     . . .     Faith    .   d - +0 chain mail
rPois    .         Spirit   .   (helmet restricted)
rElec    .         Reflect  .   v - +0 cloak
rCorr    .         Harm     .   r - +0 pair of gloves
MR       .....                  (no boots)
Stlth    ..........             (no amulet)
HPRegen  0.20/turn              p - +3 ring of evasion
MPRegen  0.16/turn              y - ring of magical power

@: no status effects
A: horns 2, demonic guardian 1, fire resistance 1, ignite blood, flame cloud
immunity
a: Berserk, Trog's Hand, Brothers in Arms, Burn Spellbooks, Renounce Religion


You were on level 7 of the Dungeon.
You worshipped Trog.
Trog was greatly pleased with you.
You were not hungry.

You visited 1 branch of the dungeon, and saw 7 of its levels.

You collected 310 gold pieces.

Inventory:

Hand Weapons
 a - a +0 falchion
 w - a +2 long sword of slicing (weapon)
Armour
 d - a +0 chain mail (worn)
 r - a +0 pair of gloves (worn)
 u - a +0 buckler
 v - a +0 cloak (worn)
 x - a +0 plate armour
Jewellery
 p - a +3 ring of evasion (left hand)
 y - a ring of magical power (right hand)
Wands
 s - a wand of flame (58)
 A - a wand of polymorph (17)
Scrolls
 b - 4 scrolls of teleportation {unknown}
 e - a scroll of random uselessness {unknown}
 f - 2 scrolls of magic mapping {unknown}
 h - 3 scrolls of blinking {unknown}
 j - 2 scrolls of remove curse {unknown}
 k - 2 scrolls of noise {unknown}
 o - a scroll of enchant weapon {unknown}
 q - 2 scrolls of amnesia {unknown}
 B - a scroll of holy word {unknown}
 E - 2 scrolls of enchant armour {unknown}
Potions
 g - a potion of cancellation
 i - 2 potions of curing
 l - 3 potions of lignification
 m - 2 potions of invisibility
 n - a potion of resistance
 z - 2 potions of heal wounds {unknown}
 C - a potion of agility
Comestibles
 c - 13 rations
 t - 2 chunks of flesh


   Skills:
 - Level 3.0 Fighting
 * Level 9.6 Long Blades
 + Level 5.1 Armour
 + Level 5.2 Dodging


You had 8 spell levels left.
You didn't know any spells.

Dungeon Overview and Level Annotations

Branches:
Dungeon (7/15)
 Temple: D:4-7

Altars:
Ashenzari
Cheibriados
Dithmenos
Zin


Innate Abilities, Weirdness & Mutations

You have a pair of horns on your head.
A weak demonic guardian rushes to your aid.
Your flesh is heat resistant. (rF+)
Your demonic aura causes spilled blood to erupt in flames.
You are immune to clouds of flame.


Message History

You closely miss the bullfrog. Your headbutt misses the bullfrog.
The electric eel shoots out a bolt of lightning at you!
The bolt of electricity hits your iron imp.
Your iron imp resists.
The bolt of electricity hits you!
* * * LOW HITPOINT WARNING * * *
The bolt of electricity hits you!
* * * LOW HITPOINT WARNING * * *
The bullfrog hits you.
* * * LOW HITPOINT WARNING * * *
Unknown command.
Okay, then.
You feel better.
The bullfrog hits you but does no damage.
Your iron imp hits the electric eel!
The electric eel shoots out a bolt of lightning at you!
The bolt of electricity hits your iron imp.
Your iron imp resists.
The bolt of electricity hits you!
You die...

≈♣≈♣## ≈≈≈♣≈ ♣≈≈≈≈≈≈ ##
≈≈≈≈≈≈≈≈ ≈ ≈≈≈a≈≈≈≈♣≈
≈≈≈≈;≈≈≈≈♣ ≈≈≈♣≈≈♣5#
≈≈≈≈≈≈♣@# ♣;5F# ##.## #.#
#.# #.# #######.#########
######
................####.##..
..................'......


You could see a bullfrog, an electric eel, a friendly iron imp and a friendly
shadow imp.

Vanquished Creatures
  A hungry ghost (D:6)
  Duvessa (D:4)
  A water moccasin (D:6)
  2 black bears
  A sky beast (D:7)
  An ice beast (D:6)
  2 orc warriors
  2 ogres (D:6)
  A bullfrog (D:6)
  A scorpion (D:5)
  2 howler monkeys
  3 crimson imps
  A hound (D:6)
  A jelly (D:6)
  4 orc priests (D:6)
  2 centaur skeletons
  3 iguanas
  10 orc wizards
  6 worker ants
  A hound zombie (D:6)
  3 gnolls (D:3)
  8 adders
  An adder skeleton (D:6)
  2 worms (D:3)
  3 dart slugs
  4 leopard geckos
  25 orcs
  A ball python (D:4)
  2 bats
  5 giant cockroaches
  2 goblins
  6 hobgoblins
  9 jackals
  6 quokkas
  5 frilled lizards
  A giant cockroach zombie (D:5)
  5 kobolds
  4 rats (D:1)
138 creatures vanquished.

Vanquished Creatures (collateral kills)
  An orc warrior (D:6)
  A bullfrog (D:6)
  Dowan (D:4)
  2 howler monkeys
  A jelly (D:5)
  An orc wizard (D:6)
  An orc priest (D:6)
  An ooze (D:5)
  An orc (D:7)
10 creatures vanquished.

Vanquished Creatures (others)
  An orc wizard (D:6)
1 creature vanquished.

Grand Total: 149 creatures vanquished

Notes
Turn   | Place    | Note
-------+----------+-------------------------------------------
     0 | D:1      | xccam the Demonspawn Berserker began the quest for the Orb.
     0 | D:1      | Reached XP level 1. HP: 18/18 MP: 1/1
    35 | D:1      | Reached skill level 3 in Long Blades
    65 | D:1      | Gained mutation: A weak demonic guardian rushes to your aid. [demonic ancestry]
    65 | D:1      | Reached XP level 2. HP: 12/24 MP: 2/2
   751 | D:1      | Gained mutation: You have a pair of small horns on your head. [demonic ancestry]
   751 | D:1      | Reached XP level 3. HP: 29/29 MP: 3/3
   986 | D:2      | Reached skill level 4 in Long Blades
  1063 | D:2      | Reached ** piety under Trog
  1487 | D:3      | Reached XP level 4. HP: 30/35 MP: 4/4
  1603 | D:3      | Found a glowing silver altar of Zin.
  1873 | D:4      | Noticed Duvessa
  1891 | D:4      | Killed Duvessa
  1891 | D:4      | Reached skill level 5 in Long Blades
  1891 | D:4      | Gained mutation: Your flesh is heat resistant. (rF+) [demonic ancestry]
  1891 | D:4      | Reached XP level 5. HP: 11/41 MP: 5/5
  1895 | D:4      | Noticed Dowan
  1908 | D:4      | Killed Dowan
  1910 | D:4      | Reached skill level 6 in Long Blades
  2175 | D:4      | Gained mutation: You are immune to clouds of flame. [demonic ancestry]
  2175 | D:4      | Reached XP level 6. HP: 47/47 MP: 6/6
  2219 | D:4      | Found a shadowy altar of Dithmenos.
  2906 | D:5      | Entered Level 5 of the Dungeon
  2932 | D:5      | Gained mutation: You have a pair of horns on your head. [demonic ancestry]
  2932 | D:5      | Reached XP level 7. HP: 45/52 MP: 7/7
  2962 | D:5      | Reached skill level 7 in Long Blades
  3033 | D:5      | Found a snail-covered altar of Cheibriados.
  3098 | D:5      | Found a shattered altar of Ashenzari.
  3150 | D:5      | Reached *** piety under Trog
  3328 | D:6      | Reached XP level 8. HP: 44/58 MP: 8/8
  3330 | D:6      | Reached skill level 8 in Long Blades
  3629 | D:6      | HP: 2/87 [orc warrior/halberd (14)]
  3655 | D:6      | Reached skill level 9 in Long Blades
  3817 | D:6      | Gained mutation: Your demonic aura causes spilled blood to erupt in flames. [demonic ancestry]
  3817 | D:6      | Reached XP level 9. HP: 33/63 MP: 9/9
  4226 | D:7      | Reached skill level 5 in Dodging
  4228 | D:7      | Reached **** piety under Trog
  4231 | D:7      | Reached skill level 5 in Armour
  4378 | D:7      | HP: 3/63 [bullfrog (1)]
  4379 | D:7      | Killed from afar by an electric eel

Skill      XL: |  1  2  3  4  5  6  7  8  9 |
---------------+----------------------------+-----
Long Blades    | 3 4 5 6 7 9 |  9.6
Armour         | 2 3 4 5 |  5.1
Dodging        | 2 3 4 5 |  5.2
Fighting       | |  3.0

Action                   |  1- 3 |  4- 6 |  7- 9 || total
-------------------------+-------+-------+-------++-------
Melee: Falchion          |   128 |   134 |    27 ||   289
       Headbutt          |    11 |    35 |    43 ||    89
       Long sword        |       |       |   122 ||   122
Invok: Trog's Hand       |     1 |     2 |     3 ||     6
       Berserk           |       |     2 |     3 ||     5
  Use: Scroll            |       |     4 |     2 ||     6
       Potion            |       |     2 |     2 ||     4
  Eat: Chunk             |     2 |     7 |     8 ||    17
       Ration            |       |       |     1 ||     1
Armor: Animal skin       |     3 |       |       ||     3
       Chain mail        |    87 |    71 |    90 ||   248
Dodge: Dodged            |    53 |    66 |   131 ||   250
       Rpst.: Falchion   |    27 |    24 |    11 ||    62
       Long sword        |       |       |    33 ||    33
